SAAA
ROYSE CITY TARGARYENS @ JERSEY CITY SUN CAPS
10/02/2019
 
TOP OF THE 1ST
Royse City Targaryens batting - Pitching for Jersey City Sun Caps : RHP Jim Unknown
Pitching: RHP Jim Unknown
Batting: RHB Will Thomas 0-0: Foul Ball, location: 2F
0-1: Ball
1-1: Ball
2-1: Ball
3-1: Base on Balls
Batting: RHB Brent Burgess 0-0: Grounds into double play, 6-4-3 (Groundball, 6)
Batting: RHB Eric D'Angle 0-0: Called Strike
0-1: Called Strike
0-2: Ball
1-2: Strikes out looking
Top of the 1st over - 0 run(s), 0 hit(s), 0 error(s), 0 left on base; Royse City 0 - Jersey City 0
BOTTOM OF THE 1ST
Jersey City Sun Caps batting - Pitching for Royse City Targaryens : LHP Lee Branch
Pitching: LHP Lee Branch
Batting: LHB Munemori Ohara 0-0: Ball
1-0: Fly out, F8 (Line Drive, 8RM)
Batting: LHB Jesús Pérez 0-0: Ball
1-0: Called Strike
1-1: Called Strike
1-2: SINGLE (Groundball, 3D)
Batting: RHB Gil Moore 0-0: Fly out, F9 (Flyball, 89D)
Batting: RHB Oscar Lewis 0-0: Ball
1-0: Called Strike
1-1: Ball
2-1: Foul Ball, location: 2F
2-2: Ball
3-2: Foul Ball, location: 2F
3-2: Base on Balls
Jesús Pérez to second
Batting: LHB Harlan Price 0-0: Ball
1-0: Ball
Error on foul ball, E9
2-1: Swinging Strike
2-2: Strikes out swinging
Bottom of the 1st over - 0 run(s), 1 hit(s), 1 error(s), 2 left on base; Royse City 0 - Jersey City 0
TOP OF THE 2ND
Royse City Targaryens batting - Pitching for Jersey City Sun Caps : RHP Jim Unknown
Batting: LHB Jack Schmitt 0-0: Ball
1-0: Swinging Strike
1-1: Foul Ball, location: 2F
1-2: Strikes out swinging
Batting: LHB Jerry Wilson 0-0: Foul Ball, location: 2F
0-1: Ball
1-1: Foul Ball, location: 2F
1-2: Foul Ball, location: 2F
1-2: Foul Ball, location: 2F
1-2: Strikes out swinging
Batting: RHB Spencer Curry 0-0: Ball
1-0: Foul Ball, location: 2F
1-1: Foul Ball, location: 2F
1-2: Strikes out looking
Top of the 2nd over - 0 run(s), 0 hit(s), 0 error(s), 0 left on base; Royse City 0 - Jersey City 0
BOTTOM OF THE 2ND
Jersey City Sun Caps batting - Pitching for Royse City Targaryens : LHP Lee Branch
Batting: RHB Carlos Vázquez 0-0: Ball
1-0: Foul Ball, location: 2F
1-1: Called Strike
1-2: Strikes out looking
Batting: RHB Christian O'Dell 0-0: Foul Ball, location: 2F
0-1: Foul Ball, location: 2F
0-2: Strikes out swinging
Batting: RHB Cliff May 0-0: Foul Ball, location: 2F
0-1: Ball
1-1: Called Strike
1-2: Foul Ball, location: 2F
1-2: Ball
2-2: SINGLE (Line Drive, 4MD)
Batting: RHB Billy Wilson 0-0: Ball
1-0: Called Strike
1-1: Foul Ball, location: 2F
1-2: Ball
2-2: Ball
3-2: Foul Ball, location: 2F
3-2: Foul Ball, location: 2F
3-2: Foul Ball, location: 2F
3-2: DOUBLE (Line Drive, 5D)
Cliff May to third
Cliff May scores
Batting: LHB Munemori Ohara 0-0: Ball
1-0: Foul Ball, location: 2F
1-1: Ball
2-1: Ball
3-1: Foul Ball, location: 2F
3-2: Strikes out looking
Bottom of the 2nd over - 1 run(s), 2 hit(s), 0 error(s), 1 left on base; Royse City 0 - Jersey City 1
TOP OF THE 3RD
Royse City Targaryens batting - Pitching for Jersey City Sun Caps : RHP Jim Unknown
Batting: RHB Bob Sargent 0-0: Ball
1-0: Foul Ball, location: 2F
1-1: Called Strike
1-2: Fly out, F3 (Line Drive, 34S)
Batting: LHB Steve Riggs 0-0: Foul Ball, location: 2F
0-1: Ball
1-1: Ball
2-1: Fly out, F7 (Flyball, 7D)
Batting: RHB Ron Ward 0-0: Called Strike
0-1: Foul Ball, location: 2F
0-2: Ball
1-2: Foul Ball, location: 2F
1-2: Foul Ball, location: 2F
1-2: Strikes out looking
Top of the 3rd over - 0 run(s), 0 hit(s), 0 error(s), 0 left on base; Royse City 0 - Jersey City 1
BOTTOM OF THE 3RD
Jersey City Sun Caps batting - Pitching for Royse City Targaryens : LHP Lee Branch
Batting: LHB Jesús Pérez 0-0: Called Strike
0-1: Ball
1-1: Swinging Strike
1-2: Foul Ball, location: 2F
1-2: Foul Ball, location: 2F
1-2: Foul Ball, location: 2F
1-2: Ball
2-2: Fly out, F8 (Line Drive, 8LS)
Batting: RHB Gil Moore 0-0: Ball
1-0: Called Strike
1-1: DOUBLE (Flyball, 89D)
Pitching: RHP Ed White
Batting: RHB Oscar Lewis 0-0: Ball
1-0: Foul Ball, location: 2F
1-1: Foul Ball, location: 2F
1-2: Foul Ball, location: 2F
1-2: Strikes out swinging
Batting: LHB Harlan Price 0-0: Ball
1-0: Foul Ball, location: 2F
1-1: SINGLE (Line Drive, 8LS)
Gil Moore to third
Runner from 3rd tries for Home, SAFE, throw made home
Batting: RHB Carlos Vázquez 0-0: Ball
1-0: Ball
2-0: Foul Ball, location: 2F
2-1: Fielders Choice at 2nd, U6 (Groundball, 6M)
Bottom of the 3rd over - 1 run(s), 2 hit(s), 0 error(s), 1 left on base; Royse City 0 - Jersey City 2
TOP OF THE 4TH
Royse City Targaryens batting - Pitching for Jersey City Sun Caps : RHP Jim Unknown
Batting: RHB Will Thomas 0-0: Ball
1-0: Foul Ball, location: 2F
1-1: Ball
2-1: Ball
3-1: Called Strike
3-2: Ground out 5-3 (Groundball, 56)
Batting: RHB Brent Burgess 0-0: Ground out 5-3 (Groundball, 5)
Batting: RHB Eric D'Angle 0-0: Swinging Strike
0-1: Reached on error, E4 (Groundball, 4)
Batting: LHB Jack Schmitt 0-0: Ball
1-0: Ball
2-0: Swinging Strike
2-1: Ball
3-1: SINGLE (Flyball, 7LS)
Eric D'Angle to second
Batting: LHB Jerry Wilson 0-0: Called Strike
0-1: Ball
1-1: Foul Ball, location: 2F
1-2: Foul Ball, location: 2F
1-2: Foul Ball, location: 2F
1-2: DOUBLE (Line Drive, 8RXD)
Eric D'Angle scores
Jack Schmitt to third
Batting: RHB Spencer Curry 0-0: Ball
1-0: DOUBLE (Groundball, 5L)
Jack Schmitt scores
Jerry Wilson scores
Batting: RHB Bob Sargent 0-0: Called Strike
0-1: Ball
1-1: Ball
2-1: Called Strike
2-2: Strikes out swinging
Top of the 4th over - 3 run(s), 3 hit(s), 1 error(s), 1 left on base; Royse City 3 - Jersey City 2
BOTTOM OF THE 4TH
Jersey City Sun Caps batting - Pitching for Royse City Targaryens : RHP Ed White
Batting: RHB Christian O'Dell 0-0: Called Strike
0-1: Called Strike
0-2: Ground out 4-3 (Groundball, 4)
Batting: RHB Cliff May 0-0: Ground out 6-3 (Groundball, 6)
Batting: RHB Billy Wilson 0-0: Called Strike
0-1: Ball
1-1: Foul Ball, location: 2F
1-2: Foul Ball, location: 2F
1-2: Ground out 1-3 (Groundball, 15)
Bottom of the 4th over - 0 run(s), 0 hit(s), 0 error(s), 0 left on base; Royse City 3 - Jersey City 2
TOP OF THE 5TH
Royse City Targaryens batting - Pitching for Jersey City Sun Caps : RHP Jim Unknown
Batting: LHB Steve Riggs 0-0: Called Strike
0-1: Ball
1-1: Foul Ball, location: 2F
1-2: Foul Ball, location: 2F
1-2: Strikes out looking
Batting: RHB Ron Ward 0-0: Swinging Strike
0-1: SOLO HOME RUN (Flyball, 8LXD), Distance : 439 ft
Batting: RHB Will Thomas 0-0: Called Strike
0-1: Ball
1-1: Fly out, F7 (Flyball, 78M)
Batting: RHB Brent Burgess 0-0: Swinging Strike
0-1: Swinging Strike
0-2: Ball
1-2: Strikes out swinging
Top of the 5th over - 1 run(s), 1 hit(s), 0 error(s), 0 left on base; Royse City 4 - Jersey City 2
BOTTOM OF THE 5TH
Jersey City Sun Caps batting - Pitching for Royse City Targaryens : RHP Ed White
Batting: LHB Munemori Ohara 0-0: Called Strike
0-1: Fly out, F7 (Flyball, 7LM)
Batting: LHB Jesús Pérez 0-0: SOLO HOME RUN (Line Drive, 7LS), Distance : 368 ft
Batting: RHB Gil Moore 0-0: Called Strike
0-1: Ball
1-1: Ground out 5-3 (Groundball, 56S)
Batting: RHB Oscar Lewis 0-0: Foul Ball, location: 2F
0-1: Ball
1-1: Foul Ball, location: 2F
1-2: Strikes out swinging
Bottom of the 5th over - 1 run(s), 1 hit(s), 0 error(s), 0 left on base; Royse City 4 - Jersey City 3
TOP OF THE 6TH
Royse City Targaryens batting - Pitching for Jersey City Sun Caps : RHP Jim Unknown
Batting: RHB Eric D'Angle 0-0: Called Strike
0-1: Swinging Strike
0-2: Ball
1-2: Fly out, F7 (Line Drive, 7M)
Batting: LHB Jack Schmitt 0-0: Swinging Strike
0-1: Ball
1-1: Swinging Strike
1-2: Ball
2-2: Foul Ball, location: 2F
2-2: Foul Ball, location: 2F
2-2: Foul Ball, location: 2F
2-2: Foul Ball, location: 2F
2-2: SINGLE (Groundball, 5D)
Batting: LHB Jerry Wilson 0-0: Called Strike
0-1: Ball
1-1: Ball
2-1: Called Strike
2-2: Ball
3-2: Base on Balls
Jack Schmitt to second
Batting: RHB Spencer Curry 0-0: Ball
1-0: Called Strike
1-1: Ball
2-1: Grounds into double play, 6-4-3 (Groundball, 6)
Top of the 6th over - 0 run(s), 1 hit(s), 0 error(s), 1 left on base; Royse City 4 - Jersey City 3
BOTTOM OF THE 6TH
Jersey City Sun Caps batting - Pitching for Royse City Targaryens : RHP Ed White
Pitching: RHP Lorenzo Tamargo
Batting: LHB Harlan Price 0-0: Called Strike
0-1: Ball
1-1: Foul Ball, location: 2F
1-2: Foul Ball, location: 2F
1-2: Strikes out swinging
Batting: RHB Carlos Vázquez 0-0: Ball
1-0: Called Strike
1-1: Fly out, F9 (Flyball, 89M)
Batting: RHB Christian O'Dell 0-0: Called Strike
0-1: SINGLE (Line Drive, 8RS)
Batting: RHB Cliff May 0-0: Ball
1-0: Fielders Choice at 2nd, 6-4 (Groundball, 6)
Bottom of the 6th over - 0 run(s), 1 hit(s), 0 error(s), 0 left on base; Royse City 4 - Jersey City 3
TOP OF THE 7TH
Royse City Targaryens batting - Pitching for Jersey City Sun Caps : RHP Jim Unknown
Batting: RHB Bob Sargent 0-0: Called Strike
0-1: Fly out, F9 (Popup, 89S)
Batting: LHB Steve Riggs 0-0: Foul Ball, location: 2F
0-1: Ball
1-1: Foul Ball, location: 2F
1-2: Foul Ball, location: 2F
1-2: Ball
2-2: Fly out, F7 (Flyball, 78D)
Batting: RHB Ron Ward 0-0: Ball
1-0: Ball
2-0: Ball
3-0: Called Strike
3-1: Base on Balls
Pitching: RHP Jim Unknown
Batting: RHB Will Thomas 0-0: Called Strike
0-1: Fly out, F5 (Popup, 5F)
Top of the 7th over - 0 run(s), 0 hit(s), 0 error(s), 1 left on base; Royse City 4 - Jersey City 3
BOTTOM OF THE 7TH
Jersey City Sun Caps batting - Pitching for Royse City Targaryens : RHP Lorenzo Tamargo
Batting: RHB Billy Wilson 0-0: Swinging Strike
0-1: Swinging Strike
0-2: Ball
1-2: Strikes out looking
Batting: LHB Munemori Ohara 0-0: Ball
1-0: Ball
2-0: Ball
3-0: Called Strike
3-1: Called Strike
3-2: Ground out U3 (Groundball, 3S)
Batting: LHB Jesús Pérez 0-0: SINGLE (Line Drive, 34D)
Batting: RHB Gil Moore 0-0: Ball
1-0: Called Strike
1-1: Ball
2-1: Swinging Strike
2-2: Foul Ball, location: 2F
2-2: Ball
3-2: Foul Ball, location: 2F
3-2: DOUBLE (Flyball, 89XD)
Jesús Pérez to third
Jesús Pérez scores
Pitching: RHP David St. John
Batting: RHB Oscar Lewis 0-0: Ball
1-0: Foul Ball, location: 2F
1-1: Ball
2-1: Ball
3-1: Called Strike
3-2: Strikes out looking
Bottom of the 7th over - 1 run(s), 2 hit(s), 0 error(s), 1 left on base; Royse City 4 - Jersey City 4
TOP OF THE 8TH
Royse City Targaryens batting - Pitching for Jersey City Sun Caps : RHP Jim Unknown
Pinch Hitting: LHB Morgan Carney 0-0: Foul Ball, location: 2F
0-1: Swinging Strike
0-2: Ball
1-2: Strikes out swinging
Pinch Hitting: LHB Homer Bell 0-0: Called Strike
0-1: Foul Ball, location: 2F
0-2: Ball
1-2: Ball
2-2: Fly out, F6 (Line Drive, 6)
Batting: LHB Jack Schmitt 0-0: Swinging Strike
0-1: Foul Ball, location: 2F
0-2: Ball
1-2: Strikes out swinging
Top of the 8th over - 0 run(s), 0 hit(s), 0 error(s), 0 left on base; Royse City 4 - Jersey City 4
BOTTOM OF THE 8TH
Jersey City Sun Caps batting - Pitching for Royse City Targaryens : RHP David St. John
Now at 1B: Morgan Carney
Now at SS: Homer Bell
Batting: LHB Harlan Price 0-0: Ball
1-0: Fly out, F7 (Flyball, 78M)
Pinch Hitting: LHB Jim Unknown 0-0: Ball
1-0: Swinging Strike
1-1: Ball
2-1: Swinging Strike
2-2: Strikes out swinging
Batting: RHB Christian O'Dell 0-0: SINGLE (Groundball, 6MD)
Batting: RHB Cliff May 0-0: Ball
1-0: Ball
Christian O'Dell is caught stealing 2nd base
Bottom of the 8th over - 0 run(s), 1 hit(s), 0 error(s), 0 left on base; Royse City 4 - Jersey City 4
TOP OF THE 9TH
Royse City Targaryens batting - Pitching for Jersey City Sun Caps : RHP Jim Unknown
Pitching: RHP Jim Unknown
Now at 3B: Roy Williams
Batting: LHB Jerry Wilson 0-0: Called Strike
0-1: Ball
1-1: Ball
2-1: Called Strike
2-2: Ball
3-2: Fly out, F7 (Flyball, 7LM)
Batting: RHB Spencer Curry 0-0: Foul Ball, location: 2F
0-1: Swinging Strike
0-2: Foul Ball, location: 2F
0-2: Ball
1-2: Ball
2-2: Strikes out swinging
Batting: RHB Bob Sargent 0-0: Ball
1-0: Ball
2-0: Foul Ball, location: 2F
2-1: Ground out U3 (Groundball, 3)
Top of the 9th over - 0 run(s), 0 hit(s), 0 error(s), 0 left on base; Royse City 4 - Jersey City 4
BOTTOM OF THE 9TH
Jersey City Sun Caps batting - Pitching for Royse City Targaryens : RHP David St. John
Pitching: RHP Ryan Ingram
Batting: RHB Cliff May 0-0: Fly out, F8 (Flyball, 8LS)
Batting: RHB Billy Wilson 0-0: Called Strike
0-1: SINGLE (Line Drive, 56D)
Batting: LHB Munemori Ohara 0-0: Ball
1-0: Ball
Passed Ball!
Billy Wilson to second
2-0: Ball
3-0: Called Strike
3-1: Called Strike
3-2: Base on Balls
Batting: LHB Jesús Pérez 0-0: Ground out U3 (Groundball, 3S)
Billy Wilson to third
Munemori Ohara to second
Batting: RHB Gil Moore 0-0: Ball
1-0: Ball
2-0: Called Strike
2-1: Ball
3-1: Base on Balls
Batting: RHB Oscar Lewis 0-0: Called Strike
0-1: Swinging Strike
0-2: Ball
1-2: Strikes out swinging
Bottom of the 9th over - 0 run(s), 1 hit(s), 0 error(s), 3 left on base; Royse City 4 - Jersey City 4
TOP OF THE 10TH
Royse City Targaryens batting - Pitching for Jersey City Sun Caps : RHP Jim Unknown
Batting: LHB Steve Riggs 0-0: Ball
1-0: SOLO HOME RUN (Flyball, 89XD), Distance : 418 ft
Batting: RHB Ron Ward 0-0: Ball
1-0: Called Strike
1-1: Ball
2-1: Foul Ball, location: 2F
2-2: Ground out 5-3 (Groundball, 5S)
Batting: RHB Will Thomas 0-0: Ground out 4-3 (Groundball, 4)
Batting: LHB Morgan Carney 0-0: Ball
1-0: Ball
2-0: Ball
3-0: Base on Balls
Batting: LHB Homer Bell 0-0: Called Strike
0-1: Foul Ball, location: 2F
0-2: Strikes out swinging
Top of the 10th over - 1 run(s), 1 hit(s), 0 error(s), 1 left on base; Royse City 5 - Jersey City 4
BOTTOM OF THE 10TH
Jersey City Sun Caps batting - Pitching for Royse City Targaryens : RHP Ryan Ingram
Now in RF: Johnny Foster
Batting: LHB Harlan Price 0-0: Ground out 4-3 (Groundball, 4)
Batting: RHB Roy Williams 0-0: Called Strike
0-1: Ball
1-1: Fly out, F8 (Flyball, 78XD)
Batting: RHB Christian O'Dell 0-0: SOLO HOME RUN (Line Drive, 78XD), Distance : 432 ft
Batting: RHB Cliff May 0-0: Foul Ball, location: 2F
0-1: Ball
1-1: Ball
2-1: Foul Ball, location: 2F
2-2: Foul Ball, location: 2F
2-2: Foul Ball, location: 2F
2-2: Ground out 5-3 (Groundball, 5S)
Bottom of the 10th over - 1 run(s), 1 hit(s), 0 error(s), 0 left on base; Royse City 5 - Jersey City 5
TOP OF THE 11TH
Royse City Targaryens batting - Pitching for Jersey City Sun Caps : RHP Jim Unknown
Pitching: LHP Jim Unknown
Pinch Hitting: RHB Bartolo Martínez 0-0: Ball
1-0: Called Strike
1-1: Ball
2-1: Foul Ball, location: 2F
2-2: Reached on error, E6 (Groundball, 6)
Pinch Hitting: RHB Jim Unknown 0-0: Foul Ball, location: 2F
0-1: Ball
1-1: Swinging Strike
1-2: Strikes out swinging
Batting: RHB Spencer Curry 0-0: Called Strike
0-1: Foul Ball, location: 2F
0-2: Ball
1-2: Fly out, F8 (Flyball, 8LM)
Batting: RHB Bob Sargent 0-0: Called Strike
0-1: Ball
1-1: Foul Ball, location: 2F
1-2: Ball
2-2: Ball
3-2: Base on Balls
Bartolo Martínez to second
Batting: RHB Johnny Foster 0-0: Ball
1-0: Ball
2-0: Called Strike
2-1: Foul Ball, location: 2F
2-2: Strikes out swinging
Top of the 11th over - 0 run(s), 0 hit(s), 1 error(s), 2 left on base; Royse City 5 - Jersey City 5
BOTTOM OF THE 11TH
Jersey City Sun Caps batting - Pitching for Royse City Targaryens : RHP Ryan Ingram
Now at 2B: Jim Unknown
Now in RF: Jorge Féliz
Batting: RHB Billy Wilson 0-0: Called Strike
0-1: Ball
1-1: Foul Ball, location: 2F
1-2: Ball
2-2: Ball
3-2: Strikes out swinging
Batting: LHB Munemori Ohara 0-0: Called Strike
0-1: Swinging Strike
0-2: Strikes out looking
Batting: LHB Jesús Pérez 0-0: Swinging Strike
0-1: Ground out 4-3 (Groundball, 4)
Bottom of the 11th over - 0 run(s), 0 hit(s), 0 error(s), 0 left on base; Royse City 5 - Jersey City 5
TOP OF THE 12TH
Royse City Targaryens batting - Pitching for Jersey City Sun Caps : LHP Jim Unknown
Batting: RHB Ron Ward 0-0: Called Strike
0-1: Ball
1-1: Ball
2-1: Fly out, F7 (Flyball, 78M)
Batting: RHB Will Thomas 0-0: Called Strike
0-1: Ball
1-1: Swinging Strike
1-2: Strikes out swinging
Batting: LHB Morgan Carney 0-0: Called Strike
0-1: Ball
1-1: Ball
2-1: Ball
3-1: SINGLE (Groundball, 6MD)
Batting: LHB Homer Bell 0-0: Swinging Strike
0-1: Ball
1-1: Foul Ball, location: 2F
1-2: Strikes out swinging
Top of the 12th over - 0 run(s), 1 hit(s), 0 error(s), 1 left on base; Royse City 5 - Jersey City 5
BOTTOM OF THE 12TH
Jersey City Sun Caps batting - Pitching for Royse City Targaryens : RHP Ryan Ingram
Batting: RHB Gil Moore 0-0: Called Strike
0-1: Ball
1-1: Swinging Strike
1-2: Ball
2-2: Strikes out swinging
Batting: RHB Oscar Lewis 0-0: Called Strike
0-1: Ball
1-1: Ball
2-1: Ball
3-1: Foul Ball, location: 2F
3-2: DOUBLE (Groundball, 3L)
Batting: LHB Harlan Price 0-0: Swinging Strike
0-1: Ball
1-1: Swinging Strike
1-2: Foul Ball, location: 2F
1-2: Strikes out swinging
Batting: RHB Roy Williams 0-0: Called Strike
0-1: Fly out, F9 (Line Drive, 9LM)
Bottom of the 12th over - 0 run(s), 1 hit(s), 0 error(s), 1 left on base; Royse City 5 - Jersey City 5
TOP OF THE 13TH
Royse City Targaryens batting - Pitching for Jersey City Sun Caps : LHP Jim Unknown
Batting: RHB Jorge Féliz 0-0: Ball
1-0: Swinging Strike
1-1: Swinging Strike
1-2: Strikes out swinging
Batting: RHB Jim Unknown 0-0: Called Strike
0-1: Ball
1-1: SINGLE (Groundball, 56D)
Batting: RHB Spencer Curry 0-0: Swinging Strike
0-1: Foul Ball, location: 2F
0-2: Ball
1-2: Strikes out swinging
Batting: RHB Bob Sargent 0-0: Foul Ball, location: 2F
0-1: Foul Ball, location: 2F
0-2: Strikes out swinging
Top of the 13th over - 0 run(s), 1 hit(s), 0 error(s), 1 left on base; Royse City 5 - Jersey City 5
BOTTOM OF THE 13TH
Jersey City Sun Caps batting - Pitching for Royse City Targaryens : RHP Ryan Ingram
Pitching: RHP Del Lamb
Batting: RHB Christian O'Dell 0-0: Ball
1-0: Ball
2-0: Ground out 6-3 (Groundball, 6)
Batting: RHB Cliff May 0-0: Called Strike
0-1: Ground out 4-3 (Groundball, 4)
Batting: RHB Billy Wilson 0-0: Called Strike
0-1: Ball
1-1: Foul Ball, location: 2F
1-2: Foul Ball, location: 2F
1-2: SINGLE (Groundball, 13) (infield hit)
Batting: LHB Munemori Ohara 0-0: TRIPLE (Line Drive, 9LS)
Billy Wilson scores
This league is powered by Out of the Park Baseball, the baseball management simulation game for PC, Mac and Linux
Saturday, July 25th, 2015 - OOTP Baseball 15.6 Build 34